 Dungeon Crawl Stone Soup version 0.20.1-1-g8b1a95d (webtiles) character file.

13623 manon the Carver (level 11, -3/75 HPs)
             Began as a Demonspawn Fighter on Sept 6, 2017.
             Was a Priest of Ashenzari.
             Shot with an arrow by a centaur warrior (14 damage)
             ... on level 11 of the Dungeon.
             The game lasted 00:59:36 (11418 turns).

manon the Carver (Demonspawn Fighter)              Turns: 11418, Time: 00:59:37

Health: -3/75      AC:  8    Str: 22    XL:     11   Next: 78%
Magic:  11/11      EV: 16    Int: 12    God:    Ashenzari [***...]
Gold:   224        SH: 10    Dex: 13    Spells: 7/10 levels left

rFire    . . .     SeeInvis +   a - +0 long sword (curse)
rCold    . . .     Gourm    .   c - +0 shield (curse)
rNeg     . . .     Faith    .   b - +0 scale mail
rPois    .         Spirit   .   F - +0 hat of Tempters {rCorr Str+3 Int+2} (curse)
rElec    .         Reflect  .   L - +0 cloak
rCorr    +         Harm     .   (no gloves)
MR       .....                  h - +0 pair of boots
Stlth    ..........             (no amulet)
Regen    0.3/turn               d - ring of see invisible
MPRegen  0.2/turn               (no ring)

@: about to teleport
A: horns 2, repulsion field 2, foul stench 1, powered by death 1, rot immunity
a: Curse Item, Scrying, Renounce Religion


You were on level 11 of the Dungeon.
You worshipped Ashenzari.
Ashenzari was most pleased with you.
You were not hungry.

You visited 2 branches of the dungeon, and saw 13 of its levels.

You collected 494 gold pieces.
You spent 270 gold pieces at shops.

Inventory:

Hand Weapons
 a - a cursed +0 long sword (weapon)
Missiles
 n - 100 bolts
 q - a throwing net (quivered)
 J - 21 sling bullets
Armour
 b - a +0 scale mail (worn)
 c - a cursed +0 shield (worn)
 h - a +0 pair of boots (worn)
 F - the cursed +0 hat of Tempters (worn) {rCorr Str+3 Int+2}
   (You bought it in a shop on level 10 of the Dungeon)

   It affects your strength (+3).
   It affects your intelligence (+2).
   It protects you from acid and corrosion.
   It has a curse placed upon it.
 L - a +0 cloak (worn)
Jewellery
 d - a ring of see invisible (left hand)
 N - an uncursed ring of fire
Wands
 s - a wand of acid (0/15)
 t - a wand of acid (0/15)
 v - a wand of flame (16/48)
 y - a wand of lightning (3/15)
 R - a wand of flame (11/48)
 S - a wand of paralysis (9/24)
Scrolls
 e - a scroll of recharging {unknown}
 g - 3 scrolls of immolation
 i - 3 scrolls of enchant weapon
 j - 6 scrolls of teleportation
 m - a scroll of identify
 r - a scroll of fear
 u - a scroll of fog {unknown}
 w - 2 scrolls of enchant armour
 x - 2 scrolls of blinking
 B - 5 scrolls of remove curse
 C - a scroll of amnesia {unknown}
 D - a scroll of vulnerability {unknown}
 I - a scroll of noise {unknown}
 P - a scroll of magic mapping {unknown}
Potions
 l - 2 potions of magic {unknown}
 o - 2 potions of haste {unknown}
 A - 2 potions of flight
 E - 2 potions of degeneration
 G - a potion of resistance {unknown}
 H - 2 potions of cancellation {unknown}
 O - a potion of agility {unknown}
Books
 k - a book of the Earth

   Spells                             Type                      Level
   a - Leda's Liquefaction            Hexes/Earth                  4
   b - Bolt of Magma                  Conjuration/Fire/Earth       5
   c - Statue Form                    Transmutation/Earth          6
   d - Iron Shot                      Conjuration/Earth            6
   e - Shatter                        Earth                        9
 M - a book of Necromancy

   Spells                             Type                      Level
   a - Pain                           Necromancy                   1
   b - Animate Skeleton               Necromancy                   1
   c - Vampiric Draining              Necromancy                   3
   d - Regeneration                   Charms/Necromancy            3
   e - Animate Dead                   Necromancy                   4
   f - Control Undead                 Necromancy                   4
Comestibles
 f - 6 bread rations
 p - 13 royal jellies
 z - 3 meat rations
 K - 7 fruits
 Q - 6 chunks of flesh


   Skills:
 * Level 3.1 Fighting
 * Level 14.0(16.4) Long Blades
 - Level 2.6 Armour
 + Level 10.0 Dodging
 + Level 2.8(4.4) Shields


You had 7 spell levels left.
You knew the following spells:

 Your Spells              Type           Power        Failure   Level  Hunger
a - Regeneration          Chrm/Necr      #.........   100%        3    ####...


Dungeon Overview and Level Annotations

Branches:
Dungeon (11/15)            Temple (0/1) D:7            Lair (2/6) D:9
  Swamp: Lair:2-4    Shoals: Lair:2-4     Snake: Lair:2-4    Spider: Lair:2-4
    Orc: D:9-12

Altars:
Ashenzari
Cheibriados
Fedhas
Hepliaklqana
Kikubaaqudgha
Nemelex Xobeh
Okawaru
Sif Muna
Trog
Uskayaw
Xom
The Shining One

Shops:
D:10 [

Annotations:
D:4 Nordron's ghost, novice GrFi
D:5 1 runed door
D:8 manon's ghost, novice DsFi


Innate Abilities, Weirdness & Mutations

You have a pair of horns on your head.
You are surrounded by a moderate repulsion field. (EV +3)
You may emit foul miasma when damaged in melee.
You regenerate a little health from kills.
You are immune to rotting.


Message History

The centaur warrior is moderately wounded.
The centaur warrior hits you.
* * * LOW HITPOINT WARNING * * *
As you read the scroll of fear, it crumbles to dust.
You assume a fearsome visage.
The centaur warrior looks frightened!
You see here an arrow.
The centaur warrior wields an uncursed shortbow.
The centaur warrior shoots an arrow.
You block the arrow.
You see here an arrow.
The centaur warrior shoots an arrow.
You block the arrow.
You see here an arrow.
The centaur warrior shoots an arrow.
The arrow closely misses you.
You see here an arrow.
The centaur warrior shoots an arrow.
The arrow misses you.
The centaur warrior shoots an arrow.
The arrow closely misses you.
You see here 2 arrows.
As you read the scroll of teleportation, it crumbles to dust.
You feel strangely unstable.
The centaur warrior shoots an arrow.
The arrow hits you!
You die...

############..####.#
#.#
#.........)........#
#.#
#.###########.######
#.# #.# #..(...c.#
#.# #.# #c########
#.# #.# #.# *.# #.#
#.# #.# #c###### #.#
#...@..# #.#
######.# * #.# #.# *
#.# #.# * ,
#.#########.#
#...........#
###########.# #.#
###


You could see a centaur warrior.

Vanquished Creatures
  Josephine (D:10)
  A hydra (D:10)
  3 death yaks (D:9)
  2 two-headed ogres
  A manticore (D:11)
  2 black mambas (Lair:2)
  A gargoyle (D:10)
  A troll (D:11)
  A hornet (D:9)
  2 hippogriffs
  3 wraiths (D:10)
  A shadow (D:11)
  A wyvern (D:10)
  11 yaks
  A hungry ghost (D:11)
  2 soldier ants
  3 water moccasins
  2 orc warriors
  A porcupine (Lair:1)
  2 ice beasts
  A hornet zombie (D:7)
  A black bear (D:7)
  5 sky beasts
  2 necrophages
  2 ogres
  A wolf (shapeshifter) (D:8)
  A centaur (D:7)
  A big kobold (D:9)
  8 bullfrogs
  A water moccasin zombie (D:11)
  A wyvern skeleton (D:10)
  6 scorpions
  A crimson imp (D:6)
  A howler monkey (D:4)
  2 centaur zombies
  A bullfrog zombie (D:11)
  2 hounds
  6 orc priests
  3 jellies
  3 orc wizards
  A bullfrog skeleton (D:7)
  4 iguanas
  9 worker ants
  3 hound skeletons
  2 worker ant zombies
  8 adders
  6 gnolls
  2 shadow imps
  An adder skeleton (D:5)
  5 worms
  2 dart slugs
  6 leopard geckos
  26 orcs
  2 giant cockroaches
  3 goblins
  8 hobgoblins
  22 jackals
  14 kobolds
  3 quokkas
  A ball python (D:2)
  7 bats
  3 frilled lizards
  A quokka skeleton (D:7)
  4 rats
234 creatures vanquished.

Vanquished Creatures (others)
  3 fungi (Lair:2)
  A plant (Lair:2)
4 creatures vanquished.

Grand Total: 238 creatures vanquished

Notes
Turn   | Place    | Note
-------+----------+-------------------------------------------
     0 | D:1      | manon the Demonspawn Fighter began the quest for the Orb.
     0 | D:1      | Reached XP level 1. HP: 18/18 MP: 1/1
    84 | D:1      | Reached skill level 2 in Long Blades
   249 | D:1      | Gained mutation: You have a pair of small horns on your head. [demonic ancestry]
   249 | D:1      | Reached XP level 2. HP: 24/24 MP: 2/2
   445 | D:1      | Reached skill level 1 in Dodging
   845 | D:2      | Reached XP level 3. HP: 26/29 MP: 3/3
  1468 | D:2      | Reached skill level 3 in Long Blades
  1969 | D:3      | Reached XP level 4. HP: 16/35 MP: 4/4
  2188 | D:3      | Found a glowing golden altar of the Shining One.
  2211 | D:3      | Found a snail-covered altar of Cheibriados.
  2539 | D:3      | Reached skill level 4 in Long Blades
  2539 | D:3      | Gained mutation: You are surrounded by a mild repulsion field. (EV +2) [demonic ancestry]
  2539 | D:3      | Reached XP level 5. HP: 27/41 MP: 5/5
  2940 | D:3      | Found a sparkling altar of Nemelex Xobeh.
  3313 | D:4      | Noticed Nordron's ghost (novice GrFi)
  3386 | D:4      | Gained mutation: You are immune to rotting. [demonic ancestry]
  3386 | D:4      | Reached XP level 6. HP: 41/47 MP: 6/6
  3404 | D:4      | Found a shattered altar of Ashenzari.
  3406 | D:4      | Found an ancient bone altar of Kikubaaqudgha.
  3509 | D:5      | Entered Level 5 of the Dungeon
  3520 | D:5      | Reached skill level 5 in Long Blades
  3888 | D:5      | Found a blossoming altar of Fedhas.
  3929 | D:4      | Became a worshipper of Ashenzari the Shackled
  4151 | D:5      | Noticed a sky beast
  4173 | D:5      | Killed a sky beast
  4173 | D:5      | Reached skill level 6 in Long Blades
  4173 | D:5      | Gained mutation: You may emit foul miasma when damaged in melee. [demonic ancestry]
  4173 | D:5      | Reached XP level 7. HP: 37/52 MP: 7/7
  4198 | D:4      | Found a deep blue altar of Sif Muna.
  4220 | D:5      | Found a runed door.
  4522 | D:6      | Found a bloodstained altar of Trog.
  4522 | D:6      | Found a hazy altar of Hepliaklqana.
  4727 | D:6      | Identified the +5 scimitar "Poptud" {holy, +Blink rPois rF+++ Int-2}
  4731 | D:6      | Found an iron altar of Okawaru.
  4838 | D:6      | Reached skill level 7 in Long Blades
  5073 | D:6      | Gained mutation: You regenerate a little health from kills. [demonic ancestry]
  5073 | D:6      | Reached XP level 8. HP: 58/58 MP: 8/8
  5229 | D:6      | Reached * piety under Ashenzari
  5402 | D:7      | Found a staircase to the Ecumenical Temple.
  5404 | D:7      | Found a shimmering altar of Xom.
  5405 | D:7      | Found a shimmering altar of Xom.
  5406 | D:7      | Found a shimmering altar of Xom.
  5684 | D:7      | Reached skill level 8 in Long Blades
  5684 | D:7      | Reached skill level 5 in Dodging
  5907 | D:7      | Found a shimmering altar of Xom.
  5907 | D:7      | Noticed a dream sheep
  5907 | D:7      | Noticed a komodo dragon
  5907 | D:7      | a dream sheep changed into a komodo dragon
  5941 | D:7      | Found a shimmering altar of Xom.
  6210 | D:8      | Noticed manon's ghost (novice DsFi)
  6363 | D:8      | Reached ** piety under Ashenzari
  6513 | D:8      | Reached skill level 9 in Long Blades
  6784 | D:9      | Noticed a hippogriff
  6793 | D:9      | Gained mutation: You are surrounded by a moderate repulsion field. (EV +3) [demonic ancestry]
  6793 | D:9      | Reached XP level 9. HP: 38/63 MP: 9/9
  7143 | D:9      | Noticed a death yak
  7150 | D:9      | Noticed a death yak
  7167 | D:9      | Killed a death yak
  7167 | D:9      | Reached skill level 10 in Long Blades
  7174 | D:9      | Killed a death yak
  7226 | D:9      | Noticed a death yak
  7227 | D:9      | Reached XP level 10. HP: 70/70 MP: 10/10
  7258 | D:9      | Killed a death yak
  7258 | D:9      | Reached skill level 11 in Long Blades
  7451 | D:9      | Found a staircase to the Lair.
  7781 | D:9      | Found a hide-covered altar of Uskayaw.
  7839 | D:9      | Learned a level 3 spell: Regeneration
  7845 | Lair:1   | Entered Level 1 of the Lair of Beasts
  8280 | Lair:2   | Noticed a black mamba
  8293 | Lair:2   | Killed a black mamba
  8510 | Lair:2   | Reached skill level 12 in Long Blades
  8700 | Lair:2   | Reached *** piety under Ashenzari
  8941 | Lair:2   | Noticed a black mamba
  8966 | Lair:2   | Killed a black mamba
  9305 | D:10     | Entered Level 10 of the Dungeon
  9305 | D:10     | Noticed a gargoyle
  9397 | D:10     | Noticed a two-headed ogre
  9438 | D:10     | Killed a two-headed ogre
  9448 | D:10     | Gained mutation: You have a pair of horns on your head. [demonic ancestry]
  9448 | D:10     | Reached XP level 11. HP: 21/75 MP: 11/11
 10280 | D:10     | Found Ifaoxiu's Antique Armour Shop.
 10284 | D:10     | Bought a shimmering hat for 270 gold pieces
 10289 | D:10     | Identified the +0 hat of Tempters {rCorr Str+3 Int+2} (You bought it in a shop on level 10 of the Dungeon)
 10341 | D:10     | Noticed Josephine
 10350 | D:10     | Killed Josephine
 10350 | D:10     | Reached skill level 13 in Long Blades
 10771 | D:11     | Noticed a four-headed hydra
 10778 | D:10     | Killed a four-headed hydra
 11082 | D:11     | Noticed a two-headed ogre
 11128 | D:11     | Killed a two-headed ogre
 11356 | D:11     | Reached skill level 10 in Dodging
 11371 | D:11     | Noticed a centaur warrior
 11381 | D:11     | Reached skill level 14 in Long Blades
 11418 | D:11     | Shot with an arrow by a centaur warrior

Skill      XL: |  1  2  3  4  5  6  7  8  9 10 11 |
---------------+----------------------------------+-----
Long Blades    | 2 3 4 6 7 9 10 12 14 | 14.0
Dodging        | 1 2 3 4 5 7 8 10 | 10.0
Fighting       | |  3.1
Armour         | |  2.6
Shields        | |  2.8

Action                   |  1- 3 |  4- 6 |  7- 9 | 10-12 || total
-------------------------+-------+-------+-------+-------++-------
Melee: Long sword        |   103 |   149 |   360 |   493 ||  1105
       Headbutt          |    13 |    40 |    73 |   122 ||   248
Throw: Throwing net      |       |       |     2 |       ||     2
Invok: Curse Item        |       |     2 |       |     1 ||     3
Evoke: Wand              |       |       |       |    14 ||    14
  Use: Scroll            |       |       |     7 |     5 ||    12
       Potion            |       |       |     3 |     6 ||     9
 Stab: Held in net/web   |       |       |     1 |       ||     1
  Eat: Chunk             |     3 |     7 |     7 |    11 ||    28
       Royal jelly       |       |       |     2 |       ||     2
       Fruit             |       |       |       |     3 ||     3
Armor: Scale mail        |    36 |    36 |    76 |    78 ||   226
Dodge: Dodged            |    25 |    46 |   123 |   188 ||   382
Block: Shield            |    50 |    65 |   137 |   157 ||   409
       Rpst.: Long sword |     4 |    13 |    37 |    57 ||   111
